 Dungeon Crawl Stone Soup version 0.25-a0-700-g7f8a7979f0 (webtiles) character file.

Game seed: 9711924950407761813, levelgen mode: deterministic

266 MisterFreud the Ducker (level 6, -1/28 HPs)
             Began as a Felid Skald on Apr 2, 2020.
             Slain by a gnoll sergeant
             ... wielding a +3 trident of freezing
              (11 damage)
             ... on level 5 of the Dungeon.
             The game lasted 00:14:24 (5701 turns).

MisterFreud the Ducker (Felid Skald)                Turns: 5701, Time: 00:14:24

Health: -1/28      AC:  2    Str:  8    XL:     6   Next: 0%
Magic:  6/10       EV: 21    Int: 15    God:
Gold:   109        SH:  0    Dex: 16    Spells: 6/9 levels left
                                        Lives:  0   Deaths: 1

rFire    . . .     SeeInvis +     - Unarmed
rCold    . . .     Gourm    .   (shield unavailable)
rNeg     . . .     Faith    +   (armour unavailable)
rPois    .         Spirit   .   (helmet unavailable)
rElec    .         Reflect  .   (cloak unavailable)
rCorr    .         Harm     .   (gloves unavailable)
MR       .....                  (boots unavailable)
Stlth    +++.......             n - amulet of faith
HPRegen  0.09/turn              (no ring)
MPRegen  0.12/turn              (no ring)

@: shrouded, very slightly contaminated, quick
A: very small, no armour, no weapons or thrown items, stealth, claws 1, fangs 3,
see invisible, carnivore, speed 1, shaggy fur 2, slow metabolism 1, sharp paws
a: no special abilities


You were on level 5 of the Dungeon.
You were very full.

You visited 2 branches of the dungeon, and saw 6 of its levels.

You collected 187 gold pieces.
You spent 78 gold pieces at shops.

Inventory:

Jewellery
 n - an amulet of faith (around neck)
Scrolls
 e - 2 scrolls of enchant weapon {unknown}
 g - a scroll of fear {unknown}
 h - a scroll of magic mapping {unknown}
 i - a scroll of immolation {unknown}
 j - 2 scrolls of blinking {unknown}
 k - a scroll of noise {unknown}
 l - 3 scrolls of fog {unknown}
 o - a scroll of enchant armour {unknown}
 r - 2 scrolls of teleportation
Potions
 a - a potion of lignification
 c - a potion of might
 d - 2 potions of haste
 f - 2 potions of brilliance
 m - 2 potions of heal wounds
 p - a potion of flight
 q - 2 potions of curing
Comestibles
 b - 10 rations


   Skills:
 - Level 4.0 Fighting
 + Level 5.7 Dodging
 - Level 4.1 Stealth
 - Level 4.0 Unarmed Combat
 - Level 2.0 Spellcasting
 - Level 3.6 Charms


You had 6 spell levels left.
You knew the following spells:

 Your Spells              Type           Power        Failure   Level  Hunger
a - Infusion              Chrm           ##..         4%          1    #......
b - Shroud of Golubria    Chrm/Tloc      #.....       16%         2    ###....

Your spell library contained the following spells:

 Spells                   Type           Power        Failure   Level  Hunger
 Song of Slaying          Chrm           ##......     8%          2    ###....
 Ozocubu's Armour         Chrm/Ice       #.......     32%         3    ###....
 Spectral Weapon          Hex/Chrm       Unusable     N/A         3    N/A

Dungeon Overview and Level Annotations

Branches:
Dungeon (5/15)             Temple (1/1) D:5

Altars:
Cheibriados
Dithmenos
Elyvilon
Gozag
Hepliaklqana
Kikubaaqudgha
Makhleb
Ru
Sif Muna
Trog
Vehumet
Xom
Yredelemnul
Zin

Shops:
D:5 ?

Annotations:
D:1 1 runed translucent door
D:2 wiederkommen wenn man ogre handlen kann


Innate Abilities, Weirdness & Mutations

You cannot wear armour.
You are incapable of wielding weapons or throwing items.
Your paws allow you to move quietly. (Stealth)
You have sharp claws.
You have razor-sharp teeth.
You have supernaturally acute eyesight. (SInv)
You are carnivorous and can eat meat at any time.
You cover ground quickly.
You are covered in thick fur. (AC +2)
You have a slow metabolism.
Your sharp claws are effective at attacking unaware monsters.


Message History

You scratch the orc.
You kill the orc!
Welcome back to level 6!
No target in view!
The gnoll is too close now for your liking.
A gnoll is nearby!
A gnoll is nearby!
The gnoll sergeant hits you from afar with a +3 trident of freezing!
The gnoll sergeant freezes you.
Casting: Infusion (safe; 4% risk of failure)
Confirm with . or Enter, or press ? or * to list all spells.
You miscast Shroud of Golubria.
You are very lightly contaminated with residual magic.
Multicoloured lights dance before your eyes!
The gnoll sergeant closely misses you.
Casting: Shroud of Golubria (safe; 16% risk of failure)
Confirm with . or Enter, or press ? or * to list all spells.
Space distorts slightly along a thin shroud covering your body.
The gnoll sergeant hits you with a +3 trident of freezing!
You die...

.......#### #...# #######g#
.......# #...# #g.< .......# #...#
#... .......###########.## #...
.......#........##.###########...
.......#..#......#..ยง...##.....Z.
##.#####...##..#...##.....oo.....
#.# #....##.g######)###....... #.#
##...###.@####..# #####... ##.#
###.###....g..## #... #..#
#..#..>.).#.# #... #.##
##...)...#..# #... #.#
#####...##.##..# .... #.#
#......#####.#.# .##.# #.##
#.####..###.##.#
...#####.#####....###.######
......##.##................#


You could see a gnoll sergeant and a gnoll.

Vanquished Creatures
  A black bear (D:4)
  A howler monkey (D:5)
  2 crimson imps
  An orc priest (D:5)
  An iguana (D:5)
  A worker ant (D:4)
  An orc wizard (Temple)
  A hound skeleton (D:4)
  3 adders (D:3)
  An adder skeleton (D:4)
  3 worms
  A dart slug (D:3)
  3 leopard geckos
  9 orcs
  4 giant cockroaches
  3 goblins
  7 hobgoblins
  7 jackals
  5 kobolds
  A quokka (D:3)
  A ball python (D:5)
  6 bats
  2 frilled lizards
  7 rats
72 creatures vanquished.

Notes
Turn   | Place    | Note
-------+----------+-------------------------------------------
     0 | D:1      | MisterFreud the Felid Skald began the quest for the Orb.
     0 | D:1      | Reached XP level 1. HP: 9/9 MP: 4/4
     1 | D:1      | Found a runed translucent door.
   407 | D:1      | Reached XP level 2. HP: 9/13 MP: 3/6
   474 | D:1      | You fall into a shaft and drop 1 floor!
   741 | D:2      | Learned a level 2 spell: Shroud of Golubria
  1749 | D:2      | Noticed an ogre
  1848 | D:2      | Reached XP level 3. HP: 14/17 MP: 7/7
  2561 | D:3      | Found a bloodstained altar of Trog.
  2897 | D:3      | Found a faded altar of an unknown god.
  2926 | D:3      | Reached skill level 1 in Stealth
  2926 | D:3      | Reached XP level 4. HP: 21/22 MP: 2/8
  3507 | D:4      | Found an ancient bone altar of Kikubaaqudgha.
  3645 | D:4      | Reached skill level 4 in Dodging
  3816 | D:4      | Noticed a phantom
  3927 | D:4      | Reached XP level 5. HP: 16/25 MP: 9/9
  4327 | D:4      | Found a shimmering altar of Xom.
  4549 | D:5      | Entered Level 5 of the Dungeon
  4549 | D:5      | Noticed a black bear
  4560 | D:4      | Killed a black bear
  4815 | D:5      | Found Azuygeti's Magic Scroll Shop.
  4837 | D:5      | Bought a scroll of teleportation for 39 gold pieces
  4837 | D:5      | Bought a scroll of teleportation for 39 gold pieces
  5004 | D:5      | Reached skill level 5 in Dodging
  5004 | D:5      | Gained mutation: You are covered in thick fur. (AC +2)
                  | [Felid growth]
  5004 | D:5      | Reached XP level 6. HP: 12/28 MP: 0/10
  5179 | D:5      | Slain by a gnoll sergeant
  5180 | D:5      | Reached XP level 5. HP: -3/25 MP: 3/9
  5189 | D:5      | Found a staircase to the Ecumenical Temple.
  5350 | Temple   | Entered the Ecumenical Temple
  5695 | D:5      | Reached XP level 6. HP: 28/28 MP: 10/10
  5701 | D:5      | Slain by a gnoll sergeant

Levels and vault maps discovered:
D:1:      dpeg_arrival_caged_fury, layout_basic, chequers_serial_rivers_marsh,
          minmay_cut_off
D:2:      layout_basic, minmay_misc_feat_pillars, minmay_unequal
D:3:      layout_basic, lemuel_crystal_altar, first_ration,
          chequers_ecumenical_altar_island, minmay_between
D:4:      layout_loops_ring, nicolae_overflow_hidden_temple,
          overflow_temple_1_default, kennysheep_mini
D:5:      layout_loops_cross, chequers_temple_overflow_statue_of_worship,
          minmay_temple_entry_wispy, serial_shops, shop
Temple:   jpeg_temple_clearing

Skill      XL: |  1  2  3  4  5  6 |
---------------+-------------------+-----
Fighting       | 3 4 |  4.0
Stealth        | 1 2 3 4 |  4.1
Dodging        | 4 5 |  5.7
Unarmed Combat | 4 |  4.0
Spellcasting   | |  2.0
Charms         | |  3.6

Action                   |  1- 3 |  4- 6 || total
-------------------------+-------+-------++-------
Melee: Unarmed           |   138 |   165 ||   303
       Bite              |    12 |    20 ||    32
       Punch             |       |     2 ||     2
 Cast: Infusion          |    22 |    15 ||    37
       Shroud of Golubri |     8 |    16 ||    24
  Use: Scroll            |       |     7 ||     7
       Potion            |       |     1 ||     1
 Stab: Sleeping          |     5 |     2 ||     7
  Eat: Chunk             |    12 |    12 ||    24
Armor: Skin              |    10 |     8 ||    18
Dodge: Dodged            |   116 |   156 ||   272

Table legend:
 A = Non-vault XP
 B = Vault XP
 C = Vault XP percentage of total XP
 D = Non-vault monster count
 E = Vault monster count
 F = Vault count percentage of total count
                 A         B        C        D         E       F
            +---------+---------+-------+---------+---------+-------
      Total |     592 |      19 |   3.1 |      63 |       9 |  12.5
            +---------+---------+-------+---------+---------+-------
        D:1 |      14 |       6 |  30.0 |       8 |       3 |  27.3
        D:2 |      32 |       2 |   5.9 |      18 |       1 |   5.3
        D:3 |      72 |      11 |  13.3 |      18 |       5 |  21.7
        D:4 |     190 |       0 |   0.0 |       5 |       0 |   0.0
        D:5 |     200 |       0 |   0.0 |      11 |       0 |   0.0
     Temple |      84 |       0 |   0.0 |       3 |       0 |   0.0
            +---------+---------+-------+---------+---------+-------
